 Dungeon Crawl Stone Soup version 0.20.0-6-gd3061e9 (webtiles) character file.

45140 xgamer67 the Slinger (level 14, -3/89 HPs)
             Began as a Halfling Ice Elementalist on May 28, 2017.
             Was the Champion of Hepliaklqana.
             Slain by a blink frog (7 damage)
             ... on level 6 of the Lair of Beasts.
             The game lasted 01:32:50 (23784 turns).

xgamer67 the Slinger (Halfling Ice Elementalist)   Turns: 23784, Time: 01:32:51

Health: -3/89      AC: 11    Str:  9    XL:     14   Next: 69%
Magic:  22/22      EV: 25    Int: 21    God:    Hepliaklqana [******]
Gold:   881        SH:  0    Dex: 21    Spells: 11/21 levels left

rFire    . . .     SeeInvis .   b - +8 hunting sling of Peril {freeze, rN+ Dex+3}
rCold    + . .     Gourm    .   (shield restricted)
rNeg     + . .     Faith    .   A - +3 leather armour
rPois    .         Spirit   .   p - +2 hat
rElec    .         Reflect  .   (no cloak)
rCorr    .         Harm     .   w - +1 pair of gloves
MR       +....                  z - +0 pair of boots {Stlth+}
Stlth    ++++......             (no amulet)
Regen    0.3/turn               M - +6 ring of intelligence
MPRegen  0.2/turn               Z - ring of protection from cold

@: about to teleport, very slightly contaminated
A: reduced essence, mutation resistance 1
a: Recall Ancestor, Ancestor Identity, Transference, Idealise, Renounce Religion


You were on level 6 of the Lair of Beasts.
You worshipped Hepliaklqana.
Hepliaklqana was exalted by your worship.
You were not hungry.

You visited 4 branches of the dungeon, and saw 21 of its levels.
You also visited: Labyrinth.

You collected 1070 gold pieces.
You spent 189 gold pieces at shops.

Inventory:

Hand Weapons
 a - the +5 quarterstaff of Obluirirch {venom, +Inv rC+ Str+4}
   (You found it on level 10 of the Dungeon)

   It poisons the flesh of those it strikes.
   It affects your strength (+4).
   It protects you from cold.
   It lets you turn invisible.
 b - the +8 hunting sling of Peril (weapon) {freeze, rN+ Dex+3}
   (You found it on level 6 of the Dungeon)

   It causes projectiles fired from it to freeze those they strike, causing
   extra injury to most foes and up to half again as much damage against
   particularly susceptible opponents.
   They can also slow down cold-blooded creatures.
   It affects your dexterity (+3).
   It protects you from negative energy.
 F - a +0 blowgun
 K - a +0 lajatang
Missiles
 n - 89 sling bullets
 q - 210 stones (quivered)
 t - 5 needles of sleeping
 I - a throwing net
 R - 9 curare-tipped needles
 W - 2 tomahawks of dispersal
Armour
 p - a +2 hat (worn)
 w - a +1 pair of gloves (worn)
 z - a +0 pair of boots of stealth (worn)
 A - a +3 leather armour (worn)
Jewellery
 D - an uncursed ring of positive energy
 M - a +6 ring of intelligence (left hand)
 P - an uncursed ring of flight
 Z - a ring of protection from cold (right hand)
Wands
 e - a wand of lightning (0/15)
 g - a wand of polymorph (7/24)
 k - a wand of flame (22/48)
 l - a wand of scattershot (3/9)
 y - a wand of lightning (6/15)
 L - a wand of iceblast (8/15)
Scrolls
 f - 2 scrolls of enchant weapon
 o - 3 scrolls of enchant armour
 x - 2 scrolls of fog
 C - 7 scrolls of teleportation
 G - 2 scrolls of summoning
 N - 3 scrolls of remove curse
 T - 6 scrolls of magic mapping
 U - a scroll of torment {unknown}
 V - a scroll of recharging
 Y - a scroll of blinking
Potions
 d - 5 potions of heal wounds
 h - 2 potions of agility
 i - a potion of haste
 m - 2 potions of might
 r - 3 potions of magic
 s - 7 potions of curing
 v - 4 potions of lignification
 E - a potion of invisibility
 H - 2 potions of brilliance
 J - 2 potions of resistance
 Q - 2 potions of cancellation
 X - a potion of berserk rage {unknown}
Miscellaneous
 B - a sack of spiders
 O - a lightning rod (4/4)
Comestibles
 c - 9 bread rations
 j - 16 meat rations
 u - 11 fruits


   Skills:
 - Level 10.0 Fighting
 - Level 14.4 Slings
 + Level 12.0 Dodging
 - Level 6.0 Stealth
 - Level 4.1 Spellcasting
 - Level 0.7 Conjurations
 - Level 2.0 Charms
 - Level 6.1 Summonings
 - Level 8.0 Ice Magic
 - Level 11.0 Invocations


You had 11 spell levels left.
You knew the following spells:

 Your Spells              Type           Power        Failure   Level  Hunger
a - Freeze                Ice            ####         1%          1    None
b - Throw Frost           Conj/Ice       ###...       4%          2    #......
A - Ozocubu's Armour      Chrm/Ice       ####....     6%          3    ###....
B - Summon Ice Beast      Ice/Summ       ####....     9%          4    ####...


Dungeon Overview and Level Annotations

Branches:
Dungeon (13/15)            Temple (0/1) D:6            Lair (6/6) D:10
 Shoals (1/4) Lair:3        Snake (1/4) Lair:4          Orc (0/2) D:12
  Slime: Lair:5-6    Vaults: D:13-14

Altars:
Elyvilon
Fedhas
Gozag
Hepliaklqana
Kikubaaqudgha
Ru
Trog
Vehumet
Zin

Shops:
D:4 [   D:6 [   D:8 [

Annotations:
D:9 Erica
D:10 Erolcha
D:13 Rupert
Lair:1 exclusion: oklob plant
Lair:5 exclusion: 3 oklob plants
Lair:6 exclusion: death yak, MDvedh's ghost, journeyman VSAs


Innate Abilities, Weirdness & Mutations

You are small and have problems with some larger weapons.
You are somewhat resistant to further mutation.
Your life essence is reduced. (-10% HP)


Message History

The blink frog blinks!
The elephant misses you. The elephant barely misses you.
An elephant comes into view.
The blink frog barely misses you.
MDvedh's ghost says, "You will be nailed to the ground forevermore."
The blink frog blinks!
The blink frog completely misses you. The blink frog hits you!
* * * LOW HITPOINT WARNING * * *
Blink to where?
Press: ? - help, Dir - move target cursor, p - MDvedh's ghost You are very lightly contaminated with residual magic.
As you read the scroll of blinking, it crumbles to dust.
An elephant, a spiny frog and a polar bear come into view.
The polar bear growls angrily.
The blink frog blinks!
The blink frog completely misses you.
The blink frog blinks!
As you read the scroll of teleportation, it crumbles to dust.
You feel strangely unstable.
The elephant trumpets!
The blink frog misses you. The blink frog hits you!
You die...

......
P..P.PP...........
F.....
..................
......
....YY...........
......
...FYY...........
......
.....h.....P##.#
......
.k........<.# ###
.≈≈≈..
≈..≈.......#####.#
≈..l≈#
≈##.(...YSY.##..##
#.....@F.#.#...#
≈≈≈....FHF..F.W.#
≈≈......Y§.##.###
.#.........####
.#..(.....### ##
≈≈≈..(..((.P###...
≈≈.(..(..(†.......
..(....((.(.......
##........(.......


You could see 7 elephants, a wind drake (wandering), a polar bear, a hippogriff,
a black mamba, a spiny frog (wandering), 4 blink frogs and MDvedh's ghost.

Vanquished Creatures
  Gastronok (D:9)
  Kirke (Lair:5)
  A minotaur (Lab)
  6 hydras
  2 two-headed ogres
  7 death yaks
  Sonja (D:11)
  2 unseen horrors
  A mana viper (Snake:1)
  2 manticores
  An ugly thing (D:12)
  6 elephants
  3 black mambas
  4 spiny frogs
  A torpor snail (Lair:4)
  3 centaur skeletons
  A rime drake (Lair:4)
  8 komodo dragons
  2 trolls
  A polar bear (Lair:4)
  7 hippogriffs
  Grinder (D:3)
  6 blink frogs
  2 meliai zombies
  4 dream sheep
  A basilisk (Lair:4)
  A shadow (D:11)
  17 yaks
  2 wyverns
  4 hogs (Lair:5)
  A hungry ghost (D:11)
  Menkaure (D:4)
  4 nagas (Lair:4)
  A soldier ant (D:11)
  9 water moccasins
  7 porcupines
  A sky beast (D:9)
  4 black bears
  An eye of draining (D:12)
  A hornet zombie (D:11)
  8 orc warriors
  An ice beast (D:8)
  A centaur (D:7)
  8 crocodiles
  11 bullfrogs
  A wyvern skeleton (D:9)
  3 scorpions
  13 killer bees
  5 wights
  2 howler monkeys
  3 crimson imps
  2 quasits
  3 hounds
  2 centaur zombies
  7 orc priests
  4 jellies
  5 orc wizards
  3 iguanas
  7 worker ants
  A killer bee zombie (D:6)
  A hound zombie (D:11)
  A hound skeleton (D:9)
  A howler monkey skeleton (D:10)
  6 gnolls
  11 adders
  A shadow imp (D:7)
  An ooze (D:4)
  An adder zombie (D:6)
  An adder skeleton (D:5)
  A worm (D:2)
  A dart slug (D:1)
  5 leopard geckos
  36 orcs
  5 bats
  3 giant cockroaches
  7 goblins
  8 hobgoblins
  4 jackals (D:2)
  4 quokkas
  A ball python (D:1)
  6 frilled lizards
  6 kobolds
  A leopard gecko zombie (D:7)
  4 rats
335 creatures vanquished.

Vanquished Creatures (collateral kills)
  A hydra (Lair:5)
  A sea snake (Lair:6)
  2 unseen horrors
  A deep elf mage (D:7)
  A rime drake (Lair:4)
  A komodo dragon (Lair:6)
  A polar bear (Lair:4)
  A basilisk (Lair:2)
  A yak (D:11)
  2 hogs (Lair:5)
  A water moccasin (Lair:6)
  A porcupine (Lair:4)
  2 phantoms
  An orc warrior (D:11)
  An ogre (D:7)
  A crocodile (Lair:3)
  A gnoll sergeant (D:7)
  4 bullfrogs
  4 killer bees
  A howler monkey (D:6)
  2 jellies
  An orc priest (D:12)
  2 hounds
  A centaur skeleton (D:4)
  3 orc wizards
  2 iguanas
  3 worker ants
  3 adders
  2 gnolls (D:5)
  A shadow imp (D:11)
  2 worms
  A leopard gecko (D:5)
  9 orcs
  A giant cockroach (D:4)
  3 goblins
  A hobgoblin (D:2)
  2 quokkas
  2 bats (D:3)
  3 frilled lizards
  A kobold (D:2)
  A leopard gecko zombie (D:5)
75 creatures vanquished.

Vanquished Creatures (others)
  A human (D:6)
  16 hexers
  An ancestor (D:2)
  12 fungi
  12 plants
42 creatures vanquished.

Grand Total: 452 creatures vanquished

Notes
Turn   | Place    | Note
-------+----------+-------------------------------------------
     0 | D:1      | xgamer67 the Halfling Ice Elementalist began the quest for the Orb.
     0 | D:1      | Reached XP level 1. HP: 11/11 MP: 3/3
   141 | D:1      | Reached XP level 2. HP: 11/17 MP: 2/4
   491 | D:1      | Reached XP level 3. HP: 14/21 MP: 5/5
   499 | D:1      | Learned a level 3 spell: Ozocubu's Armour
  1059 | D:1      | Reached skill level 1 in Charms
  1155 | D:2      | Found an ancient bone altar of Kikubaaqudgha.
  1155 | D:2      | Found a white marble altar of Elyvilon.
  1155 | D:2      | Found a hazy altar of Hepliaklqana.
  1155 | D:2      | Found a sacrificial altar of Ru.
  1175 | D:2      | Found a radiant altar of Vehumet.
  1182 | D:2      | Became a worshipper of Hepliaklqana the Forgotten
  1722 | D:2      | Reached XP level 4. HP: 8/24 MP: 3/6
  2023 | D:2      | Reached skill level 1 in Fighting
  2297 | D:2      | Found a blossoming altar of Fedhas.
  2372 | D:3      | Learned a level 2 spell: Throw Frost
  2604 | D:3      | Reached * piety under Hepliaklqana
  2842 | D:4      | Found a glowing silver altar of Zin.
  2843 | D:4      | Found an opulent altar of Gozag.
  2910 | D:4      | Noticed Menkaure
  2922 | D:5      | Entered Level 5 of the Dungeon
  2934 | D:5      | Reached XP level 5. HP: 31/31 MP: 2/7
  3455 | D:5      | Reached XP level 6. HP: 37/37 MP: 4/8
  3529 | D:5      | Reached ** piety under Hepliaklqana
  3536 | D:5      | Remembered your ancestor Teicuih as a hexer
  4241 | D:3      | Noticed Grinder
  4250 | D:3      | Paralysed by Grinder for 5 turns
  4545 | D:3      | Paralysed by Grinder for 6 turns
  4812 | D:4      | Reached XP level 7. HP: 34/41 MP: 5/10
  4991 | D:4      | Found Uzack's Armour Shoppe.
  4994 | D:4      | Bought a +0 helmet for 63 gold pieces
  5246 | D:5      | HP: 2/44 [gnoll/whip (7)]
  5649 | D:5      | Learned a level 4 spell: Summon Ice Beast
  5866 | D:5      | Reached skill level 5 in Fighting
  6131 | D:5      | Reached skill level 1 in Summonings
  6207 | D:6      | Found Tozeifar's Armour Shoppe.
  6212 | D:6      | Bought a +0 pair of boots of stealth for 126 gold pieces
  6285 | D:6      | Reached XP level 8. HP: 39/49 MP: 11/11
  6468 | D:6      | Found a staircase to the Ecumenical Temple.
  6562 | D:6      | Found an ancient bone altar of Kikubaaqudgha.
  6605 | D:6      | Noticed a human
  6606 | D:6      | Killed a human
  6644 | D:6      | Got an iridescent hunting sling
  6972 | D:6      | Reached skill level 5 in Ice Magic
  7510 | D:7      | Reached *** piety under Hepliaklqana
  7577 | D:7      | Reached XP level 9. HP: 51/54 MP: 9/12
  7903 | D:7      | Identified the +8 hunting sling of Peril {freeze, rN+ Dex+3} (You found it on level 6 of the Dungeon)
  7962 | D:7      | Noticed a deep elf mage
  8179 | D:8      | Reached skill level 1 in Slings
  8438 | D:8      | Reached skill level 2 in Slings
  8611 | D:8      | Reached skill level 4 in Slings
  8612 | D:8      | Found Ypluh's Armour Emporium.
  8768 | D:8      | Reached skill level 5 in Slings
  8868 | D:9      | Reached **** piety under Hepliaklqana
  8986 | D:9      | Noticed Gastronok
  9044 | D:9      | Reached skill level 6 in Slings
  9046 | D:9      | Noticed a two-headed ogre
  9055 | D:10     | Entered Level 10 of the Dungeon
  9200 | D:10     | Found a staircase to the Lair.
  9201 | D:10     | Noticed a komodo dragon
  9281 | D:10     | Reached skill level 7 in Slings
  9378 | D:10     | Got a crystal quarterstaff
  9379 | D:10     | Identified the +5 quarterstaff of Obluirirch {venom, +Inv rC+ Str+4} (You found it on level 10 of the Dungeon)
  9408 | D:10     | Noticed Erolcha
  9508 | D:10     | Killed an unseen horror
  9508 | D:10     | Reached skill level 9 in Slings
  9541 | D:9      | You fall through a shaft for 2 floors!
  9547 | D:11     | Reached XP level 10. HP: 48/61 MP: 13/13
  9557 | D:11     | Reached skill level 10 in Slings
  9612 | D:11     | Reached skill level 11 in Slings
  9732 | D:11     | Reached skill level 12 in Slings
  9789 | D:11     | Found a labyrinth entrance.
  9821 | Lab      | Entered a labyrinth
 10803 | Lab      | Noticed a minotaur
 10810 | Lab      | Killed a minotaur
 10810 | Lab      | Reached skill level 13 in Slings
 10846 | Lab      | Got a heavily runed chain mail
 11002 | D:11     | Reached skill level 5 in Dodging
 11031 | D:11     | Reached XP level 11. HP: 64/64 MP: 14/14
 11123 | D:11     | Killed an unseen horror
 11123 | D:11     | Reached skill level 14 in Slings
 11186 | D:11     | Noticed Sonja
 11379 | D:11     | Noticed a five-headed hydra
 11556 | D:9      | Killed Gastronok
 11556 | D:9      | Reached skill level 5 in Summonings
 11560 | D:9      | Killed a two-headed ogre
 12062 | D:3      | Killed Grinder
 12191 | D:3      | Reached ***** piety under Hepliaklqana
 12216 | D:4      | Killed Menkaure
 12471 | D:7      | Killed a deep elf mage
 12471 | D:7      | Reached skill level 1 in Invocations
 13098 | D:9      | Noticed Erica
 13365 | D:10     | Reached XP level 12. HP: 55/71 MP: 15/15
 13739 | D:10     | Reached skill level 5 in Invocations
 14178 | Lair:1   | Entered Level 1 of the Lair of Beasts
 14221 | Lair:1   | Got a smoking eveningstar
 14223 | Lair:1   | Identified the +0 eveningstar of Hiomof {holy, *Noise +Fly Int+3 Dex+3} (You found it on level 1 of the Lair of Beasts)
 14247 | Lair:1   | Noticed an eight-headed hydra
 14385 | Lair:2   | Noticed a four-headed hydra
 15249 | Lair:3   | Noticed a death yak
 15250 | Lair:3   | Noticed a death yak
 15250 | Lair:3   | Noticed a death yak
 15250 | Lair:3   | Noticed a death yak
 15250 | Lair:3   | Noticed a death yak
 15250 | Lair:3   | Noticed a death yak
 15250 | Lair:3   | Noticed a death yak
 15252 | Lair:3   | Noticed a death yak
 15310 | Lair:4   | Found a staircase to the Snake Pit.
 15310 | Lair:4   | Reached ****** piety under Hepliaklqana
 16092 | Lair:3   | Found a staircase to the Shoals.
 16862 | Lair:4   | Reached XP level 13. HP: 45/79 MP: 17/17
 16968 | Lair:4   | Reached skill level 10 in Dodging
 17448 | Lair:5   | Reached skill level 5 in Stealth
 17877 | Lair:5   | Noticed Kirke
 17966 | Lair:5   | Killed Kirke
 18374 | Lair:2   | Killed a four-headed hydra
 18533 | Lair:1   | Reached skill level 10 in Invocations
 18839 | Lair:1   | Noticed a five-headed hydra
 18846 | Lair:1   | Killed a five-headed hydra
 18850 | Lair:1   | Noticed a six-headed hydra
 18913 | Lair:1   | Killed a six-headed hydra
 19257 | Lair:1   | Killed an eight-headed hydra
 19521 | Lair:6   | Entered Level 6 of the Lair of Beasts
 19533 | Lair:6   | Noticed MDvedh's ghost (journeyman VSAs)
 19722 | D:11     | Killed a five-headed hydra
 20219 | D:12     | Found a staircase to the Orcish Mines.
 20702 | D:11     | Reached XP level 14. HP: 35/87 MP: 22/22
 21259 | D:11     | Killed Sonja
 21528 | D:12     | Reached skill level 10 in Fighting
 21727 | D:12     | Found a bloodstained altar of Trog.
 21834 | D:13     | Noticed Rupert
 21854 | D:13     | Paralysed by Rupert for 3 turns
 22008 | Snake:1  | Entered Level 1 of the Snake Pit
 22329 | Shoals:1 | Entered Level 1 of the Shoals
 23782 | Lair:6   | HP: 4/89 [blink frog (13)]
 23784 | Lair:6   | Slain by a blink frog

Skill      XL: |  1  2  3  4  5  6  7  8  9 10 11 12 13 14 |
---------------+-------------------------------------------+-----
Ice Magic      | 4 6 8 |  8.0
Charms         | 2 |  2.0
Fighting       | 2 3 5 6 8 9 10 | 10.0
Stealth        | 3 4 6 |  6.0
Spellcasting   | 2 4 |  4.1
Dodging        | 3 6 9 10 12 | 12.0
Summonings     | 1 3 4 6 |  6.1
Slings         | 9 13 14 | 14.4
Invocations    | 4 6 11 | 11.0
Conjurations   | |  0.7

Action                   |  1- 3 |  4- 6 |  7- 9 | 10-12 | 13-15 || total
-------------------------+-------+-------+-------+-------+-------++-------
Melee: Club              |    14 |       |       |       |       ||    14
       Unarmed           |     4 |       |       |       |       ||     4
       Whip              |   107 |   103 |    11 |       |       ||   221
       Hand axe          |       |       |    88 |       |       ||    88
       Quarterstaff      |       |       |     4 |    99 |   135 ||   238
 Fire: Hunting sling     |       |       |    55 |   482 |   599 ||  1136
Throw: Stone             |     4 |    14 |    13 |       |     3 ||    34
       Throwing net      |       |       |       |       |     1 ||     1
 Cast: Freeze            |    14 |    49 |    67 |       |       ||   130
       Ozocubu's Armour  |       |     1 |       |       |       ||     1
Invok: Ancestor Identity |     1 |       |       |       |       ||     1
       Ancestor Life: He |       |     1 |       |       |       ||     1
       Recall Ancestor   |       |       |       |     1 |     5 ||     6
       Idealise          |       |       |       |       |     1 ||     1
Evoke: Wand              |       |       |       |     4 |       ||     4
  Use: Scroll            |     1 |     4 |    12 |     9 |     7 ||    33
       Potion            |       |       |     2 |       |       ||     2
 Stab: Sleeping          |     7 |     3 |     7 |     5 |     3 ||    25
       Confused          |       |     2 |     1 |     2 |       ||     5
       Distracted        |       |     1 |       |     1 |     1 ||     3
  Eat: Chunk             |     3 |    11 |     7 |    13 |    15 ||    49
       Bread ration      |       |       |     2 |     1 |     1 ||     4
       Royal jelly       |       |       |       |     2 |     1 ||     3
Armor: Robe              |    21 |    43 |     5 |       |       ||    69
       Leather armour    |       |       |    80 |    62 |   104 ||   246
Dodge: Dodged            |    93 |   112 |   144 |   245 |   411 ||  1005
